 Dungeon Crawl Stone Soup version 0.29.1-2-gbd0b4ee654 (webtiles) character file.

Game seed: 15500276053893725013

1383 Goreval the Sneak (level 8, -1/62 HPs)
             Began as a Naga Enchanter on Nov 17, 2022.
             Was a Follower of Wu Jian.
             Slain by an orc warrior
             ... wielding a +0 battleaxe
              (10 damage)
             ... on level 7 of the Dungeon.
             The game lasted 00:39:56 (6255 turns).

Goreval the Sneak (Naga Enchanter)                  Turns: 6255, Time: 00:39:57

Health: -1/62      AC: 12    Str: 12    XL:     8   Next: 67%
Magic:  1/14       EV:  7    Int: 17    God:    Wu Jian [*.....]
Gold:   486        SH:  3    Dex: 11    Spells: 4/15 levels left

rFire   + . .      SeeInvis +   a - +2 dagger
rCold   . . .      Faith    .   g - +0 buckler
rNeg    . . .      Spirit   .   L - +0 steam dragon scales
rPois   +          Reflect  .   q - +0 helmet
rElec   .          Harm     .   e - +1 cloak
rCorr   .          Rampage  .   (no gloves)
Will    +....                   F - +0 barding
Stlth   +++.......              m - amulet of regeneration
HPRegen 1.00/turn               i - ring of protection from fire
MPRegen 0.14/turn               (no ring)

@: short of breath, attractive, very slow
A: AC +2, large, see invisible, deformed body, poison resistance, slowness 2,
spit poison 1, naga tail 1
a: Spit Poison, Renounce Religion


You were on level 7 of the Dungeon.
You worshipped Wu Jian.
Wu Jian was aware of your devotion.
You visited 1 branch of the dungeon, and saw 7 of its levels.
You also visited: Ossuary.

You collected 525 gold pieces.
You spent 39 gold pieces at shops.

Inventory:

Hand Weapons
 a - a +2 dagger (weapon)
Missiles
 n - 27 stones (quivered)
Armour
 b - a +0 robe
 e - a +1 cloak (worn)
 f - a +0 leather armour
 g - a +0 buckler (worn)
 q - a +0 helmet (worn)
 C - a +0 kite shield
 F - a +0 barding (worn)
 L - +0 steam dragon scales (worn)
Jewellery
 i - a ring of protection from fire (left hand)
 m - an amulet of regeneration (around neck)
 s - a ring of protection from fire
 z - a +6 ring of strength
Wands
 x - a wand of mindburst (17)
 D - a wand of paralysis (12)
 G - a wand of digging (2)
 J - a wand of iceblast (4)
Scrolls
 d - 2 scrolls of amnesia {unknown}
 h - 2 scrolls of vulnerability {unknown}
 k - 4 scrolls of enchant weapon
 l - a scroll of torment {unknown}
 o - 4 scrolls of identify {unknown}
 t - 4 scrolls of noise {unknown}
 v - a scroll of magic mapping {unknown}
 y - 2 scrolls of immolation {unknown}
 A - a scroll of butterflies {unknown}
 B - 3 scrolls of teleportation
 E - 2 scrolls of poison {unknown}
Potions
 c - a potion of ambrosia {unknown}
 j - a potion of lignification
 p - 2 potions of curing
 r - 3 potions of attraction
 u - a potion of flight
 w - 3 potions of degeneration {unknown}
 H - a potion of berserk rage {unknown}
 I - a potion of mutation {unknown}
 K - a potion of resistance
 M - a potion of magic {unknown}


   Skills:
 * Level 5.7 Short Blades
 - Level 1.5 Dodging
 + Level 7.6 Stealth
 + Level 1.2 Shields
 + Level 4.1 Spellcasting
 + Level 1.3 Conjurations
 * Level 6.6 Hexes


You had 4 spell levels left.
You knew the following spells:

 Your Spells              Type           Power      Damage    Failure   Level
a - Ensorcelled Hibernat  Hex/Ice        28%        N/A       8%          2
b - Confusing Touch       Hex            26%        N/A       3%          3
c - Tukima's Dance        Hex            26%        N/A       3%          3
d - Dazzling Flash        Conj/Hex       34%        N/A       11%         3

Your spell library contained the following spells:

 Spells                   Type           Power      Damage    Failure   Level
 Fulminant Prism          Conj/Hex       8%         3d7       36%         4
 Iskenderun's Mystic Bla  Conj/Tloc      5%         2d3       82%         4
 Lee's Rapid Deconstruct  Erth           1%         3d5*      99%         5


Dungeon Overview and Level Annotations

Branches:
Dungeon (7/15)             Temple (0/1) D:7         Ossuary (visited)

Altars:
Gozag
Nemelex Xobeh
Wu Jian
Yredelemnul
The Shining One

Shops:
D:2 !

Annotations:
D:3 Sigmund
D:7 1 transporter, exclusion: upstairs


Innate Abilities, Weirdness & Mutations

Your serpentine skin is tough. (AC +2)
You have supernaturally acute eyesight. (SInv)
Armour fits poorly on your strangely shaped body.
Your system is resistant to poisons. (rPois)
You cover ground very slowly.
You can spit poison.
You have a snake-like lower body.


Message History

You are too injured to fight recklessly!
You are too injured to fight recklessly!
You are too injured to fight recklessly!
You are too injured to fight recklessly!
You are too injured to fight recklessly!
You are too injured to fight recklessly!
You are too injured to fight recklessly!
You are too injured to fight recklessly!
You are too injured to fight recklessly!
You are too injured to fight recklessly!
You are too injured to fight recklessly!
You are too injured to fight recklessly!
You are too injured to fight recklessly!
Unknown command.
Aim: an orc warrior, wielding a +0 battleaxe and wearing a +0 chain mail (chance to affect: 48%)
The orc warrior resists with some effort.
The orc warrior hits you with a +0 battleaxe.
You don't have enough magic to cast this spell.
Aim: an orc warrior, wielding a +0 battleaxe and wearing a +0 chain mail (60% to hit)
The splash of poison hits the orc warrior!
The orc warrior is poisoned.
The orc warrior hits you with a +0 battleaxe.
You barely miss the orc warrior. You block the orc warrior's attack.
You hit the orc warrior but do no damage.
You hit the orc warrior but do no damage.
The orc warrior hits you with a +0 battleaxe!!
* * * LOW HITPOINT WARNING * * *
Unknown command.
Okay, then.
Okay, then.
It was a potion of attraction.
You feel attractive to monsters.
The orc warrior hits you but does no damage.
You hit the orc warrior but do no damage.
The orc warrior hits you with a +0 battleaxe!
* * * LOW HITPOINT WARNING * * *
You feel better. You block the orc warrior's attack.
You hit the orc warrior but do no damage.
The orc warrior hits you with a +0 battleaxe!
You die...

.##...."#[.#
...###.#..#
####!##.###..#
###..###.......# #
...............####
#
..................#
# .##.....##..##.#
#.o#####.## # #
#..@)....# .
##.####### . #'# o
#...# #.....#
#.......#
#.........#
+.........+
#.........#


You could see an orc warrior (poisoned).

Vanquished Creatures
  A steam dragon (D:7)
  Menkaure (D:5)
  3 orc warriors
  An ice beast (D:7)
  A black bear (D:6)
  2 scorpions
  A necrophage (D:7)
  A gnoll bouda (D:5)
  An orc priest (D:7)
  2 hounds
  An orc wizard (D:7)
  8 mummies (Ossuary)
  Robin (D:2)
  9 gnolls
  3 adders
  2 dart slugs
  3 worms
  21 orcs
  6 ball pythons
  4 bats
  5 endoplasms
  6 giant cockroaches (D:1)
  12 goblins
  7 hobgoblins
  4 jackals
  4 quokkas
  2 frilled lizards
  2 gnoll zombies (Ossuary)
  A hobgoblin zombie (Ossuary)
  8 kobolds
  A kobold zombie (Ossuary)
  4 orc zombies (Ossuary)
  8 rats
136 creatures vanquished.

Vanquished Creatures (others)
  An orc (D:7)
1 creature vanquished.

Grand Total: 137 creatures vanquished

Notes
Turn   | Place    | Note
-------+----------+-------------------------------------------
     0 | D:1      | Goreval the Naga Enchanter began the quest for the Orb.
     0 | D:1      | Reached XP level 1. HP: 15/15 MP: 3/3
    77 | D:1      | Reached XP level 2. HP: 7/22 MP: 5/5
   299 | D:1      | Learned a level 2 spell: Ensorcelled Hibernation
   568 | D:1      | Found a faded altar of an unknown god.
   931 | D:1      | Reached XP level 3. HP: 24/28 MP: 6/6
   940 | D:1      | Learned a level 3 spell: Confusing Touch
  1568 | D:2      | Reached skill level 5 in Stealth
  1568 | D:2      | Reached XP level 4. HP: 12/36 MP: 2/7
  1825 | D:2      | Noticed Robin
  1835 | D:2      | Killed Robin
  2174 | D:2      | Reached XP level 5. HP: 42/42 MP: 8/8
  2233 | D:2      | Found Siteaff's Distillery.
  2241 | D:2      | Bought a potion of curing for 39 gold pieces
  2388 | D:2      | Learned a level 3 spell: Tukima's Dance
  2418 | D:3      | Noticed Sigmund
  2585 | D:3      | Found an opulent altar of Gozag.
  3522 | D:4      | Found a basalt altar of Yredelemnul.
  3737 | D:3      | Found a sparkling altar of Nemelex Xobeh.
  3880 | D:5      | Entered Level 5 of the Dungeon
  4211 | D:5      | Reached XP level 6. HP: 47/49 MP: 3/10
  4373 | D:5      | Found an ornate altar of the Wu Jian Council.
  4376 | D:5      | Noticed Menkaure
  4415 | D:5      | Killed Menkaure
  4416 | D:5      | Reached skill level 6 in Stealth
  4416 | D:5      | Reached skill level 5 in Hexes
  4416 | D:5      | Reached XP level 7. HP: 34/55 MP: 2/11
  4496 | D:5      | Became a worshipper of the Wu Jian Council
  4838 | D:6      | Found a glowing golden altar of the Shining One.
  5180 | D:7      | Reached skill level 5 in Short Blades
  5180 | D:7      | Reached skill level 7 in Stealth
  5180 | D:7      | Reached XP level 8. HP: 36/62 MP: 2/13
  5195 | D:7      | Found a sand-covered staircase.
  5217 | D:7      | Found a staircase to the Ecumenical Temple.
  5287 | D:7      | Learned a level 3 spell: Dazzling Flash
  5328 | Ossuary  | Entered an ossuary
  5452 | Ossuary  | Reached * piety under Wu Jian
  6037 | D:7      | Reached skill level 1 in Conjurations
  6154 | D:7      | Found a transporter.
  6158 | D:7      | Noticed a toenail golem
  6190 | D:7      | Reached skill level 1 in Shields
  6253 | D:7      | HP: 2/62 [orc warrior/+0 battleaxe (11)]
  6255 | D:7      | Slain by an orc warrior

Illustrated notes

Levels and vault maps discovered:
D:1:      matt_arrival_grand_opening, layout_basic,
          chequers_ecumenical_altar_simple_redux, minmay_worlds_worst_comb
D:2:      layout_basic, serial_shops, shop, lightli_corner_chamber, uniq_robin
D:3:      layout_loops_ring, grunt_gozag_statues, nemelex_diamond_rough_becter,
          st_stairs_12, uniq_sigmund, uniq_crazy_yiuf_cottage
D:4:      layout_loops_ring, mainiacjoe_overflow_tiny_flanked,
          nicolae_overflow_hidden_temple, minivault_5
D:5:      layout_cave_pools, nicolae_wu_jian_immortal_techniques, serial_glass,
          glass_columns_b, glass_columns_a, uniq_menkaure
D:6:      layout_layer_cave, mainiacjoe_overflow_surrounded_room,
          nicolae_overflow_crystal_walls, mainiacjoe_overflow_paths,
          chequers_hall_statues_wall_a, grunt_ministairs_12, uniq_eustachio,
          uniq_blork_the_orc
D:7:      layout_loops_corners, kennysheep_vampire_church,
          minmay_temple_entry_glass, enter_ossuary_1,
          gammafunk_ghost_abyssal_escape, minmay_stone_trees_small

Skill      XL: |  1  2  3  4  5  6  7  8 |
---------------+-------------------------+-----
Short Blades   | 2 3 4 5 |  5.7
Stealth        | 5 6 7 |  7.6
Hexes          | 4 5 6 |  6.6
Spellcasting   | 3 4 |  4.1
Conjurations   | 1 |  1.3
Shields        | 1 |  1.2
Dodging        | |  1.5

Action                   |  1- 3 |  4- 6 |  7- 9 || total
-------------------------+-------+-------+-------++-------
Melee: Dagger            |    82 |   164 |   185 ||   431
Throw: Stone             |     1 |     7 |     3 ||    11
 Cast: Ensorcelled Hiber |     6 |    22 |    35 ||    63
       Confusing Touch   |       |     2 |     3 ||     5
       Tukima's Dance    |       |     1 |       ||     1
Invok: Lunge             |       |       |    21 ||    21
       Whirlwind         |       |       |     2 ||     2
 Abil: Spit Poison       |    19 |    25 |     5 ||    49
Evoke: Wand              |       |     1 |       ||     1
  Use: Potion            |       |     7 |     3 ||    10
       Scroll            |       |       |     2 ||     2
 Stab: Sleeping          |    11 |    21 |    22 ||    54
       Confused          |       |     1 |     3 ||     4
       Paralysed         |       |     1 |       ||     1
Armor: Robe              |    36 |    42 |    21 ||    99
       Skin              |       |     2 |       ||     2
       Steam dragon scal |       |       |     9 ||     9
Dodge: Dodged            |    39 |    66 |    23 ||   128
Block: Buckler           |       |       |    12 ||    12
